 Dungeon Crawl Stone Soup version 0.28-a0-1447-ga5a8893891 (webtiles) character file.

Game seed: 6377254260173580256

17038 gimp the Severer (level 12, -2/156 HPs)
             Began as a Hill Orc Fighter on Jan 11, 2022.
             Was a High Priest of Okawaru.
             Slain by an orc warrior (12 damage)
             ... on level 12 of the Dungeon.
             The game lasted 00:34:47 (12018 turns).

gimp the Severer (Hill Orc Fighter)                Turns: 12018, Time: 00:34:48

Health: -2/156     AC: 30    Str: 24    XL:     12   Next: 43%
Magic:  20/20      EV:  2    Int:  8    God:    Okawaru [*****.]
Gold:   650        SH:  4    Dex: 10    Spells: 11/11 levels left

rFire   . . .      SeeInvis .   a - +1 war axe
rCold   . . .      Faith    .   c - +0 buckler
rNeg    . . .      Spirit   .   (armour currently unavailable)
rPois   +          Reflect  .   (helmet currently unavailable)
rElec   .          Harm     .   (cloak currently unavailable)
rCorr   .          Rampage  .   (gloves currently unavailable)
Will    .....      NoTele   +   (boots currently unavailable)
Stlth   +.........              (no amulet)
HPRegen 0.36/turn               O - +4 ring of protection
MPRegen 0.17/turn               I - ring of flight

@: tree-form, attractive, hasted, invisible, very quick
A: stationary, stasis, torment immunity, boosted hp
a: Renounce Religion, Heroism, Finesse, Duel


You were on level 12 of the Dungeon.
You worshipped Okawaru.
Okawaru was extremely pleased with you.
You were a tree.
You visited 2 branches of the dungeon, and saw 16 of its levels.
You also visited: Bailey.

You collected 650 gold pieces.

Inventory:

Hand Weapons
 a - a +1 war axe (weapon)
 b - a +5 hand axe
Missiles
 g - 5 javelins
 q - 30 poisoned darts
 C - 3 curare-tipped darts (quivered)
Armour
 c - a +0 buckler (worn)
 j - the +2 pair of gloves "Reted" (melded) {Will+}
   (Okawaru gifted it to you on level 10 of the Dungeon)

   Will:      It increases your willpower.
 n - a +2 leather armour of fire resistance
 w - a +0 cloak (melded)
 R - a +2 chain mail of willpower (melded)
 S - the +0 pair of boots "Legurhic" (melded) {Contam rElec Dex+7 SInv}
   (Okawaru gifted it to you on level 12 of the Dungeon)

   Dex:       It affects your dexterity (+7).
   rElec:     It insulates you from electricity.
   SInv:      It lets you see invisible.
   Contam:    It causes magical contamination when unequipped.
Jewellery
 o - an amulet of regeneration
 y - a ring of magical power
 G - an amulet of the acrobat
 H - a ring of protection from cold
 I - a ring of flight (right branch)
 M - an amulet of reflection
 O - a +4 ring of protection (left branch)
 P - the necklace of Bloodlust {*Rage Will++ Int-3 Slay+6}
   (You found it on level 11 of the Dungeon)

   [amulet of nothing]

   It extends the wearer's berserk rage when killing foes.
   Int:       It affects your intelligence (-3).
   Slay:      It affects your accuracy & damage with ranged weapons and melee
   (+6).
   *Rage:     It berserks you when you make melee attacks (+50% chance).
   Will:      It greatly increases your willpower.
Wands
 m - a wand of iceblast (5)
 u - a wand of mindburst (3)
 L - a wand of digging (7)
 N - a wand of flame (16)
Scrolls
 l - 3 scrolls of vulnerability
 p - 3 scrolls of teleportation
 D - a scroll of fog
 K - a scroll of enchant armour
Potions
 d - 3 potions of might
 e - a potion of ambrosia
 s - a potion of invisibility
 v - 6 potions of mutation
 x - a potion of lignification
 A - a potion of flight
 E - a potion of magic
 J - a potion of experience {unknown}
 Q - a potion of curing {unknown}


   Skills:
 - Level 9.0 Fighting
 - Level 18.0 Axes
 + Level 10.3 Armour
 - Level 3.2 Shields
 + Level 11.8 Invocations


You had 11 spell levels left.
You didn't know any spells.
Your spell library contained the following spells:

 Spells                   Type           Power      Damage    Failure   Level
 Apportation              Tloc           0%         N/A       50%         1
 Magic Dart               Conj           0%         1d3       50%         1
 Searing Ray              Conj           0%         2d4       65%         2
 Gell's Gravitas          Tloc           0%         N/A       86%         3
 Lesser Beckoning         Tloc           0%         N/A       86%         3
 Ozocubu's Armour         Ice            0%         N/A       86%         3
 Teleport Other           Tloc           0%         N/A       86%         3
 Airstrike                Air            0%         N/A       99%         4
 Fulminant Prism          Conj/Hex       0%         3d6       99%         4
 Leda's Liquefaction      Hex/Erth       0%         N/A       99%         4
 Alistair's Intoxication  Tmut/Pois      0%         N/A       100%        5
 Freezing Cloud           Conj/Ice/Air   0%         6-21      100%        5
 Lee's Rapid Deconstruct  Erth           0%         3d5*      100%        5
 Lightning Bolt           Conj/Air       0%         1d11      100%        5
 Statue Form              Tmut/Erth      0%         N/A       100%        6
 Ozocubu's Refrigeration  Ice            0%         4d5       100%        7
 Polar Vortex             Ice            0%         N/A       100%        9
 Summon Lightning Spire   Summ/Air       Unusable   N/A       N/A         4
 Simulacrum               Ice/Necr       Unusable   N/A       N/A         6

Dungeon Overview and Level Annotations

Branches:
Dungeon (15/15)            Temple (0/1) D:5            Lair (0/6) D:10
    Orc (1/2) D:12         Bailey (visited)
 Vaults: D:13-14     Depths: D:15

Altars:
Fedhas
Okawaru
Vehumet
Wu Jian
Yredelemnul

Shops:
D:10 (

Annotations:
D:6 exclusion: door


Message History

You slash the orc!
You kill the orc!
Okawaru accepts your kill.
The orc priest calls down the wrath of Beogh upon you.
Beogh smites you!
* * * LOW HITPOINT WARNING * * *
You take 9 damage, and have 24/104 hp.
There is a staircase back to the Dungeon, spattered with blood here.
The orc warrior hits you with a +0 scimitar!
* * * LOW HITPOINT WARNING * * *
You fly upwards.
Welcome back to the Dungeon!
There is a staircase to the Orcish Mines here.
You take 14 damage, and have 10/104 hp.
It was a potion of magic.
Magic courses through your body.
The orc warrior hits you but does no damage.
You feel like a meek peon again.
Okay, then.
Okay, then.
It was a potion of lignification.
You turn into a tree.
Your +0 cloak melds into your body.
The +2 pair of gloves "Reted" {Will+} melds into your body.
The +0 pair of boots "Legurhic" {Contam rElec Dex+7 SInv} melds into your body.
Your +2 chain mail of willpower melds into your body.
You feel less strong-willed.
Your roots penetrate the ground.
The orc warrior hits you but does no damage.
You now have 19/156 hp.
It was a potion of invisibility.
You fade into invisibility!
The orc warrior hits you with a +0 scimitar!
* * * LOW HITPOINT WARNING * * *
You take 9 damage, and have 10/156 hp.
It was a potion of flight.
Your roots keep you in place.
The orc warrior hits you but does no damage.
It was a potion of attraction.
You feel attractive to monsters.
The orc warrior hits you with a +0 scimitar.
* * * LOW HITPOINT WARNING * * *
It was a potion of haste.
You feel yourself speed up.
The orc warrior hits you with a +0 scimitar!
You die...

#..# #..# #..# #..# #..# #..#
########..#####..####..#
#.................)....#
#...§.......>.....[).[.#
#..§§.>......######.#..#
#.§§§........####.....#######
#.§§§........#.....8.....#...
#.§§§.......♣#...........#...
#.§§§........o..........[....
#.§§..........8....>....8....
#..§§........................
#............#...........#...
#............#.....8....)#...
#################.....####.##
###........# ##########


You could see an orc warrior.

Vanquished Creatures
  Azrael (D:12)
  Snorg (D:12)
  4 two-headed ogres
  An orc high priest (Orc:1)
  2 deep trolls (D:11)
  2 ugly things (D:15)
  3 cyclopes
  2 gargoyles
  2 kobold demonologists (D:11)
  An unseen horror (shapeshifter) (D:14)
  7 trolls
  A hornet (D:9)
  A shadow (D:10)
  3 vampires (Bailey)
  2 wraiths (D:10)
  3 fire elementals (D:12)
  Grum (D:7)
  2 steam dragons
  3 hell hounds
  A water moccasin (D:7)
  6 orc warriors
  2 ice beasts
  A hornet zombie (D:7)
  A sky beast (D:7)
  A necrophage (D:7)
  3 ogres
  2 wolves
  3 centaurs
  2 kobold brigands
  3 bullfrogs
  A gnoll sergeant (D:11)
  4 scorpions
  6 vampire bats (Bailey)
  4 wights
  3 wolf zombies (Bailey)
  5 howler monkeys
  4 electric eels
  3 centaur zombies
  A jelly (D:6)
  3 bullfrog skeletons
  8 orc priests
  3 centaur skeletons
  2 hounds
  A scorpion zombie (D:5)
  2 iguanas (D:4)
  13 orc wizards
  Ijyb (D:3)
  A killer bee zombie (D:7)
  A hound skeleton (D:3)
  A howler monkey zombie (D:8)
  4 gnolls (D:11)
  2 howler monkey skeletons (D:7)
  7 adders
  2 ufetubi
  A worm (D:2)
  A dart slug (D:5)
  45 orcs
  5 endoplasms
  3 giant cockroaches
  16 goblins
  2 hobgoblins (D:4)
  16 kobolds
  2 quokkas
  7 ball pythons
  4 bats
  5 frilled lizards
  21 orc zombies (Bailey)
  5 rats
282 creatures vanquished.

Vanquished Creatures (others)
  3 fungi (D:7)
  8 plants
  3 toadstools (D:7)
14 creatures vanquished.

Grand Total: 296 creatures vanquished

Notes
Turn   | Place    | Note
-------+----------+-------------------------------------------
     0 | D:1      | gimp the Hill Orc Fighter began the quest for the Orb.
     0 | D:1      | Reached XP level 1. HP: 19/19 MP: 1/1
    23 | D:1      | Reached skill level 3 in Axes
   323 | D:1      | Reached XP level 2. HP: 27/27 MP: 2/2
   633 | D:2      | Reached skill level 4 in Axes
   633 | D:2      | Reached XP level 3. HP: 33/33 MP: 3/3
   983 | D:2      | Reached XP level 4. HP: 41/41 MP: 4/4
  1123 | D:2      | Reached skill level 5 in Axes
  1339 | D:2      | Found an iron altar of Okawaru.
  1377 | D:2      | Found a faded altar of an unknown god.
  1536 | D:2      | Became a worshipper of Warmaster Okawaru
  1660 | D:3      | Noticed Ijyb
  1703 | D:3      | Killed Ijyb
  1721 | D:3      | Reached XP level 5. HP: 25/47 MP: 5/5
  1902 | D:3      | Reached skill level 5 in Fighting
  1902 | D:3      | Reached skill level 6 in Axes
  2074 | D:3      | Found a blossoming altar of Fedhas.
  2681 | D:4      | Reached XP level 6. HP: 56/56 MP: 6/6
  2684 | D:4      | Reached skill level 7 in Axes
  2712 | D:4      | Reached * piety under Okawaru
  3460 | D:5      | Entered Level 5 of the Dungeon
  3503 | D:5      | Reached skill level 8 in Axes
  3503 | D:5      | Reached XP level 7. HP: 63/63 MP: 7/7
  3609 | D:5      | Found a staircase to the Ecumenical Temple.
  3781 | D:5      | Reached skill level 1 in Invocations
  4030 | D:5      | Reached skill level 9 in Axes
  4218 | D:6      | Reached ** piety under Okawaru
  4339 | D:6      | Reached XP level 8. HP: 71/71 MP: 9/9
  4540 | D:6      | Reached skill level 10 in Axes
  4845 | D:6      | Noticed an eight-headed hydra
  4860 | D:6      | Reached skill level 11 in Axes
  5095 | D:7      | Reached *** piety under Okawaru
  5096 | D:7      | Reached XP level 9. HP: 54/78 MP: 11/11
  5167 | D:7      | Reached skill level 12 in Axes
  5727 | D:8      | Found a basalt altar of Yredelemnul.
  5735 | D:8      | Reached skill level 13 in Axes
  5747 | D:8      | Noticed Grum
  5787 | D:7      | Killed Grum
  5787 | D:7      | Reached **** piety under Okawaru
  5949 | D:8      | Reached skill level 14 in Axes
  6003 | D:8      | Found a radiant altar of Vehumet.
  6418 | D:8      | Found an ornate altar of the Wu Jian Council.
  6509 | D:9      | Found a flagged portal.
  6523 | D:9      | Reached skill level 15 in Axes
  6548 | Bailey   | Entered a bailey
  6596 | Bailey   | Reached XP level 10. HP: 89/91 MP: 12/12
  6607 | Bailey   | Noticed a gargoyle
  6620 | Bailey   | Killed a gargoyle
  6755 | Bailey   | Reached skill level 16 in Axes
  6781 | Bailey   | Found the +4 moon troll leather armour {Spirit, Regen++
                  | MP+5}
  7850 | Bailey   | Identified the +1 spear of Law {freeze, rElec}
  8459 | D:10     | Entered Level 10 of the Dungeon
  8534 | D:10     | Reached ***** piety under Okawaru
  8535 | D:10     | Reached skill level 17 in Axes
  8615 | D:10     | Found a staircase to the Lair.
  8672 | D:10     | Noticed a two-headed ogre
  8699 | D:10     | Killed a two-headed ogre
  8699 | D:10     | Identified the +2 pair of gloves "Reted" {Will+} (Okawaru
                  | gifted it to you on level 10 of the Dungeon)
  8699 | D:10     | Received a gift from Okawaru
  8805 | D:10     | Noticed a two-headed ogre
  8816 | D:10     | Killed a two-headed ogre
  8817 | D:10     | Reached skill level 5 in Invocations
  8817 | D:10     | Reached XP level 11. HP: 46/97 MP: 14/14
  8936 | D:10     | Found Aqoinu's Weapon Boutique.
  8956 | D:10     | Reached skill level 5 in Armour
  9194 | D:11     | Reached skill level 18 in Axes
  9443 | D:11     | Noticed a boulder beetle
  9527 | D:11     | Noticed a deep troll
  9541 | D:11     | Killed a deep troll
  9567 | D:11     | Noticed a deep troll
  9590 | D:11     | Killed a deep troll
  9593 | D:11     | Found the necklace of Bloodlust {*Rage Will++ Int-3 Slay+6}
  9880 | D:11     | Noticed a two-headed ogre
  9889 | D:11     | Killed a two-headed ogre
  9973 | D:12     | Noticed Azrael
 10037 | D:12     | Killed Azrael
 10252 | D:12     | Noticed a cyclops
 10258 | D:12     | Killed a cyclops
 10316 | D:12     | You are sucked into a shaft and drop 3 floors!
 10316 | D:15     | Entered Level 15 of the Dungeon
 10316 | D:15     | Noticed a skeletal warrior
 10316 | D:15     | Noticed a skeletal warrior
 10316 | D:15     | Noticed a skeletal warrior
 10316 | D:15     | Noticed a skeletal warrior
 10316 | D:15     | Noticed a white ugly thing
 10316 | D:15     | Noticed a white ugly thing
 10316 | D:15     | Noticed a white ugly thing
 10316 | D:15     | Noticed a white ugly thing
 10316 | D:15     | Noticed a white ugly thing
 10410 | D:15     | Noticed a cyclops
 10426 | D:15     | Killed a cyclops
 10472 | D:15     | Noticed a green ugly thing
 10489 | D:15     | Noticed a green ugly thing
 10491 | D:15     | Killed a green ugly thing
 10495 | D:15     | Noticed a green ugly thing
 10496 | D:15     | Noticed a green ugly thing
 10500 | D:15     | Noticed a green ugly thing
 10504 | D:15     | Noticed a green ugly thing
 10508 | D:15     | Killed a green ugly thing
 10509 | D:15     | Reached skill level 10 in Invocations
 10509 | D:15     | Reached XP level 12. HP: 56/104 MP: 19/19
 11170 | D:12     | Noticed a two-headed ogre
 11181 | D:12     | Killed a two-headed ogre
 11374 | D:12     | Found a staircase to the Orcish Mines.
 11400 | D:12     | Identified the +0 pair of boots "Legurhic" {Contam rElec
                  | Dex+7 SInv} (Okawaru gifted it to you on level 12 of the
                  | Dungeon)
 11400 | D:12     | Received a gift from Okawaru
 11603 | D:12     | Noticed Snorg
 11621 | D:12     | Killed Snorg
 11896 | Orc:1    | Entered Level 1 of the Orcish Mines
 11903 | Orc:1    | Noticed an orc high priest
 11919 | Orc:1    | Killed an orc high priest
 11946 | Orc:1    | Reached skill level 10 in Armour
 12018 | D:12     | Slain by an orc warrior

Illustrated notes

Levels and vault maps discovered:
D:1:      minmay_arrival_arboretum_large, layout_basic
D:2:      layout_loops_ring, chequers_ecumenical_altar_twisty, basic_altar
D:3:      kennysheep_the_goblin_king, layout_basic,
          mainiacjoe_overflow_six_doors_small
D:4:      layout_basic, dk_noncrumbling_3
D:5:      layout_loops_ring, minmay_temple_entry_stoned_glass
D:6:      cheibrodos_two_vegetables, layout_loops_ring
D:7:      layout_basic, serial_undead, serial_undead_b, serial_undead_e,
          serial_undead_e, serial_undead_e, minmay_gold_behind_fungi,
          kennysheep_generic_room_3
D:8:      layout_basic, minitemple, lemuel_doored_altar, serial_glass,
          glass_columns_b, glass_columns_b, uniq_grum
D:9:      layout_loops_ring, enter_bailey_5
D:10:     lemuel_ice_spiral_2, layout_rooms, dpeg_oklobed_lair, serial_shops,
          nicolae_take_the_stairs, minivault_26
D:11:     layout_basic, grunt_decor_junction, minmay_hedge_maze,
          hellmonk_guarded_unrand_vitality_bloodlust
D:12:     layout_small_grid, david_orc_2, uniq_snorg, uniq_azrael
D:13:     layout_loops_cross, grunt_vaults_entry_fortified
D:14:     layout_cross, nicolae_qazlal_general_emergency, hangedman_fish_farm
D:15:     grunt_enter_depths_snipers, layout_stronghold,
          nzn_wu_jian_contemplation
Orc:1:    layout_diamond_mine, portal_ice_cave_entry_imps

Skill      XL: |  1  2  3  4  5  6  7  8  9 10 11 12 |
---------------+-------------------------------------+-----
Axes           | 3 4 5 6 8 9 11 15 17 18 | 18.0
Fighting       | 4 5 6 8 9 |  9.0
Invocations    | 2 3 5 10 11 | 11.8
Armour         | 4 8 10 | 10.3
Shields        | |  3.2

Action                   |  1- 3 |  4- 6 |  7- 9 | 10-12 || total
-------------------------+-------+-------+-------+-------++-------
Melee: War axe           |    72 |   211 |   220 |   350 ||   853
       Hand axe          |       |       |    71 |   259 ||   330
Throw: Dart              |       |       |       |     2 ||     2
Invok: Heroism           |       |       |       |    13 ||    13
       Finesse           |       |       |       |     1 ||     1
Evoke: Wand              |       |       |     3 |    16 ||    19
  Use: Scroll            |       |       |     7 |    15 ||    22
       Potion            |       |       |       |     7 ||     7
Armor: Scale mail        |    32 |       |       |       ||    32
       Chain mail        |     5 |    27 |       |   138 ||   170
       Leather armour    |       |    60 |    77 |    44 ||   181
       Plate armour      |       |       |    31 |    33 ||    64
       Troll leather arm |       |       |       |    74 ||    74
       Skin              |       |       |       |     2 ||     2
Dodge: Dodged            |    25 |    95 |   115 |   203 ||   438
Block: Buckler           |    16 |    44 |    57 |   108 ||   225

Table legend: (Time is in decaauts)
 A = Elapsed time spent in this place.
 B = Non-inter-level travel time spent in this place.
 C = Inter-level travel time spent in this place.
 D = Time resting spent in this place.
 E = Time spent auto-exploring this place.
 F = Levels seen in this place.
 G = Mean time per level.
                   A        B        C        D        E       F      G
               +--------+--------+--------+--------+--------+-----+--------+
         Total |  11923 |  11338 |    585 |    906 |   7242 |  17 |  701.4 |
       Dungeon |  10560 |   9975 |    585 |    850 |   6804 |  15 |  704.0 |
  Orcish Mines |     92 |     92 |      0 |      0 |      0 |   1 |   92.0 |
        Bailey |   1270 |   1270 |      0 |     56 |    438 |   1 | 1270.0 |
               +--------+--------+--------+--------+--------+-----+--------+

Top non-repeatable levels by time:
  Bailey: 1270 daAuts
    D:11: 1016 daAuts
     D:2: 990 daAuts
     D:3: 977 daAuts
     D:4: 915 daAuts
     D:6: 863 daAuts
    D:12: 812 daAuts
    D:10: 756 daAuts
     D:5: 730 daAuts
     D:7: 701 daAuts
     D:8: 691 daAuts
     D:9: 654 daAuts
     D:1: 643 daAuts
    D:15: 519 daAuts
    D:14: 267 daAuts
